AoeStats
← Hamilton

Black Forest

510656236Analyzed
2v2 RM · 16h ago on Oct 2, 2026· 156m 42s· 4 players
Game mode
Random Map
Map size
Medium (4 player)
Population
200
Speed
Normal
Resources
Standard
Victory
Conquest
Starting age
Dark Age
Ending age
Imperial Age
RankedLock teamsTeams togetherTeam positionsShared explorationLock speedFull tech treeHidden civsTurbo modeCheats
Victory
Defeat
🇦🇷 Franks · Argentina
905
+40
🇦🇷 Vietnamese · Argentina
902
+39
🇨🇱 Franks · Chile
869
-24
🇨🇱 Vietnamese · Chile
869
-24
teserre08
8:27 Loom
11:43 Feudal Age
12:35 Horse Collar
12:42 Double-Bit Axe
19:46 Padded Archer Armor
20:32 Scale Barding Armor
22:46 Castle Age
21:22 Fletching
21:35 Gold Mining
22:29 Stone Mining
23:07 Forging
23:03 Elite Skirmisher
23:58 Pikeman
24:57 Leather Archer Armor
25:22 Heavy Plow
25:34 Bow Saw
27:53 Scale Mail Armor
29:06 Chain Mail Armor
30:59 Ballistics
31:49 Chain Barding Armor
31:38 Squires
32:52 Caravan
33:37 Town Watch
34:32 Wheelbarrow
37:42 Imperial Age
38:45 Hand Cart
38:31 Town Patrol
39:04 Crop Rotation
39:42 Two-Man Saw
39:21 Stone Shaft Mining
39:34 Chatras
40:17 Bloodlines
41:46 Chemistry
42:17 Paper Money
42:21 Elite Battle Elephant
42:24 Imperial Skirmisher
44:07 Plate Barding Armor
44:27 Ring Archer Armor
43:45 Treadmill Crane
46:54 Onager
48:17 Halberdier
48:18 Elite Fire Lancer
49:51 Siege Engineers
49:59 Masonry
49:48 Murder Holes
50:22 Arson
51:14 Husbandry
52:21 Coinage
52:01 Guilds
51:25 Elite Rattan Archer
56:03 Plate Mail Armor
55:29 Bodkin Arrow
56:10 Iron Casting
61:43 Bracer
77:26 Banking
77:11 Capped Ram
80:20 Fortified Wall
84:05 Thumb Ring
87:53 Hoardings
119:59 Sappers
marc_silvag
8:31 Loom
11:15 Feudal Age
11:40 Double-Bit Axe
12:37 Wheelbarrow
14:33 Gold Mining
21:16 Castle Age
21:28 Stone Mining
21:55 Forging
22:53 Bow Saw
25:25 Iron Casting
27:38 Gold Shaft Mining
27:14 Scale Barding Armor
27:42 Hand Cart
33:21 Imperial Age
32:07 Fortified Wall
33:02 Chain Barding Armor
33:58 Caravan
34:46 Cavalier
35:42 Murder Holes
35:39 Treadmill Crane
37:22 Blast Furnace
37:53 Husbandry
38:21 Ballistics
39:03 Chemistry
38:35 Elite Skirmisher
40:08 Plate Barding Armor
41:40 Hoardings
41:31 Conscription
41:48 Hoardings
41:09 Paladin
42:07 Fletching
42:29 Imperial Skirmisher
43:20 Bodkin Arrow
44:29 Masonry
45:41 Chivalry
45:55 Fishing Lines
46:56 Onager
60:14 Padded Archer Armor
83:56 Leather Archer Armor
83:36 Guard Tower
86:04 Heavy Mounted Crossbowman
86:05 Cranequins
88:30 Architecture
88:50 Siege Engineers
140:28 Light Cavalry
Luke_90
0:28 Loom
11:02 Feudal Age
12:23 Wheelbarrow
11:44 Double-Bit Axe
15:04 Horse Collar
22:27 Castle Age
20:47 Fletching
20:59 Gold Mining
21:36 Stone Mining
23:29 Bow Saw
22:52 Elite Skirmisher
24:46 Hand Cart
25:17 Caravan
26:22 Heavy Plow
34:16 Imperial Age
31:44 Town Watch
32:26 Fortified Wall
32:12 Murder Holes
32:38 Ballistics
32:29 Masonry
32:17 Bodkin Arrow
32:31 Padded Archer Armor
33:28 Forging
33:19 Scale Mail Armor
32:46 Pikeman
33:27 Squires
32:48 Man-at-Arms
33:14 Arson
35:04 Iron Casting
34:47 Cavalier
35:28 Husbandry
34:49 Light Cavalry
35:40 Bloodlines
34:53 Imperial Skirmisher
34:58 Halberdier
36:58 Two-Man Saw
36:25 Leather Archer Armor
36:47 Crop Rotation
37:38 Chemistry
37:14 Onager
38:06 Bracer
39:02 Paper Money
40:55 Chain Mail Armor
41:11 Ring Archer Armor
40:47 Scale Barding Armor
42:12 Plate Mail Armor
41:54 Long Swordsman
44:26 Two-Handed Swordsman
45:31 Chain Barding Armor
45:01 Arrowslits
45:23 Siege Engineers
46:26 Hoardings
46:00 Elite Battle Elephant
47:37 Champion
49:10 Plate Barding Armor
48:57 Thumb Ring
50:33 Elite Fire Lancer
88:12 Chatras
127:26 Capped Ram
Hamilton
2:50 Loom
5:31 Loom
11:36 Feudal Age
9:51 Loom
16:29 Castle Age
14:26 Double-Bit Axe
25:05 Gold Mining
25:59 Stone Mining
27:38 Bow Saw
31:52 Imperial Age
29:29 Pikeman
30:04 Fletching
30:28 Forging
32:20 Wheelbarrow
31:31 Town Watch
33:35 Hand Cart
33:09 Halberdier
33:37 Gambesons
34:40 Scale Mail Armor
34:56 Squires
35:48 Siege Engineers
36:30 Iron Casting
39:48 Blast Furnace
39:04 Chain Mail Armor
38:45 Bodkin Arrow
38:35 Ordonnance Companies
38:39 Elite Throwing Axeman
41:17 Gold Shaft Mining
42:00 Chemistry
40:36 Cavalier
41:19 Husbandry
40:42 Light Cavalry
41:30 Chivalry
42:37 Conscription
43:02 Hoardings
42:03 Paladin
42:16 Onager
43:59 Plate Mail Armor
43:35 Scale Barding Armor
45:24 Caravan
74:55 Heavy Scorpion
76:50 Chain Barding Armor
83:13 Plate Barding Armor
82:39 Padded Archer Armor
102:32 Capped Ram
102:48 Elite Skirmisher
103:54 Leather Archer Armor
103:56 Imperial Skirmisher
111:52 Crossbowman
121:00 Coinage
121:09 Masonry
120:40 Treadmill Crane
123:20 Banking
Connection lost

Rejoining the realm…

Still unreachable

The connection could not be restored.

Session expired

The server has moved on; the page needs a fresh start.